XFBL
NEW YORK YANKEES @ BALTIMORE ORIOLES
06/12/1982
 
TOP OF THE 1ST
New York Yankees batting - Pitching for Baltimore Orioles : RHP Andrew Castillo
Pitching: RHP Andrew Castillo
Batting: SHB Jerry Manuel 0-0: Foul Ball, location: 2F
0-1: Ball
1-1: Ball
2-1: Called Strike
2-2: Ball
3-2: Foul Ball, location: 2F
3-2: Base on Balls
Batting: LHB Wade Boggs 0-0: SINGLE (Line Drive, 78M, EV 97.5 MPH)
Jerry Manuel to second
Batting: LHB Kent Hrbek 0-0: Ball
1-0: Called Strike
1-1: Called Strike
1-2: Strikes out swinging
Batting: RHB Pedro Guerrero 0-0: Called Strike
0-1: Called Strike
0-2: Ball
1-2: Ball
2-2: Ball
3-2: Strikes out swinging
Batting: LHB George Kaage 0-0: Ball
1-0: Called Strike
1-1: Ground out 4-3 (Groundball, 4MD, EV 95.6 MPH)
Top of the 1st over - 0 runs, 1 hit, 0 errors, 2 left on base; New York 0 - Baltimore 0
BOTTOM OF THE 1ST
Baltimore Orioles batting - Pitching for New York Yankees : RHP Blake Green
Pitching: RHP Blake Green
Batting: SHB Willie McGee 0-0: Fly out, F4 (Flyball, 4MD, EV 74.4 MPH)
Batting: SHB Johnny Ray 0-0: Called Strike
0-1: Ball
1-1: Ground out 4-3 (Groundball, 34D, EV 99.4 MPH)
Batting: LHB Dave Parker 0-0: Called Strike
0-1: Ball
1-1: Foul Ball, location: 2F
1-2: Ball
2-2: Foul Ball, location: 2F
2-2: Fly out, F7 (Line Drive, 7D, EV 88.8 MPH)
Bottom of the 1st over - 0 runs, 0 hits, 0 errors, 0 left on base; New York 0 - Baltimore 0
TOP OF THE 2ND
New York Yankees batting - Pitching for Baltimore Orioles : RHP Andrew Castillo
Batting: RHB David Hall 0-0: Swinging Strike
0-1: Ball
1-1: Called Strike
1-2: Strikes out looking
Batting: RHB Emanuel Cortez 0-0: Swinging Strike
0-1: Foul Ball, location: 2F
0-2: Ball
1-2: Strikes out swinging
Batting: SHB Tim Raines 0-0: Ball
1-0: Foul Ball, location: 2F
1-1: SINGLE (Groundball, 4D, EV 101.3 MPH)
Batting: LHB Tim Norrid 0-0: Called Strike
0-1: Ball
1-1: Swinging Strike
1-2: Ball
2-2: Fly out, F8 (Flyball, 8RXD, EV 91.3 MPH)
Top of the 2nd over - 0 runs, 1 hit, 0 errors, 1 left on base; New York 0 - Baltimore 0
BOTTOM OF THE 2ND
Baltimore Orioles batting - Pitching for New York Yankees : RHP Blake Green
Batting: RHB Dwight Evans 0-0: Ball
1-0: Foul Ball, location: 2F
1-1: Ball
2-1: Fly out, F9 (Flyball, 9, EV 87.5 MPH)
Batting: LHB Fred Lynn 0-0: Called Strike
0-1: Called Strike
0-2: Ball
1-2: Fly out, F9 (Flyball, 89S, EV 91.9 MPH)
Batting: SHB Steve R Ontiveros 0-0: Ball
1-0: Swinging Strike
1-1: Called Strike
1-2: Foul Ball, location: 2F
1-2: Strikes out swinging
Bottom of the 2nd over - 0 runs, 0 hits, 0 errors, 0 left on base; New York 0 - Baltimore 0
TOP OF THE 3RD
New York Yankees batting - Pitching for Baltimore Orioles : RHP Andrew Castillo
Batting: SHB Jerry Manuel 0-0: Ball
1-0: Ground out 4-3 (Groundball, 4M, EV 78.1 MPH)
Batting: LHB Wade Boggs 0-0: Ground out 4-3 (Groundball, 4, EV 82.5 MPH)
Batting: LHB Kent Hrbek 0-0: Ball
1-0: Foul Ball, location: 2F
1-1: Ball
2-1: SOLO HOME RUN (Flyball, 7D, EV 112.5 MPH), Distance : 381 ft
Batting: RHB Pedro Guerrero 0-0: Ball
1-0: SINGLE (Groundball, 6MD, EV 104.4 MPH)
Batting: LHB George Kaage 0-0: Ball
Wild Pitch!
Pedro Guerrero to second
1-0: Called Strike
1-1: Swinging Strike
1-2: Fly out, F7 (Flyball, 7D, EV 107.5 MPH)
Top of the 3rd over - 1 run, 2 hits, 0 errors, 1 left on base; New York 1 - Baltimore 0
BOTTOM OF THE 3RD
Baltimore Orioles batting - Pitching for New York Yankees : RHP Blake Green
Batting: RHB Matt Rice 0-0: Called Strike
0-1: Ball
1-1: Ball
2-1: Ball
3-1: Fly out, F9 (Line Drive, 9, EV 86.9 MPH)
Batting: RHB Dennis Werth 0-0: Called Strike
0-1: Ball
1-1: Ball
2-1: Ball
3-1: Base on Balls
Batting: RHB Garth Iorg 0-0: Ball
Dennis Werth steals 2nd base
1-0: Ball
2-0: Called Strike
2-1: Swinging Strike
2-2: Ball
3-2: Foul Ball, location: 2F
3-2: Foul Ball, location: 2F
3-2: Strikes out swinging
Batting: SHB Willie McGee 0-0: TRIPLE (Line Drive, 78XD, EV 105.0 MPH)
Dennis Werth scores
Batting: SHB Johnny Ray 0-0: Ground out 3-1 (Groundball, 34S, EV 91.3 MPH)
Bottom of the 3rd over - 1 run, 1 hit, 0 errors, 1 left on base; New York 1 - Baltimore 1
TOP OF THE 4TH
New York Yankees batting - Pitching for Baltimore Orioles : RHP Andrew Castillo
Batting: RHB David Hall 0-0: Foul Ball, location: 2F
0-1: Ball
1-1: Ball
2-1: Ball
3-1: Fly out, F3 (Popup, 3F, EV 70.6 MPH)
Batting: RHB Emanuel Cortez 0-0: Called Strike
0-1: Foul Ball, location: 2F
0-2: Foul Ball, location: 2F
0-2: Foul Ball, location: 2F
0-2: Ball
1-2: Strikes out swinging
Batting: SHB Tim Raines 0-0: Ball
1-0: Ball
2-0: Called Strike
2-1: Swinging Strike
2-2: Foul Ball, location: 2F
2-2: Ball
3-2: Strikes out swinging
Top of the 4th over - 0 runs, 0 hits, 0 errors, 0 left on base; New York 1 - Baltimore 1
BOTTOM OF THE 4TH
Baltimore Orioles batting - Pitching for New York Yankees : RHP Blake Green
Batting: LHB Dave Parker 0-0: Ball
1-0: Ball
2-0: Called Strike
2-1: Ground out U3 (Groundball, 34, EV 97.5 MPH)
Batting: RHB Dwight Evans 0-0: Swinging Strike
0-1: Ball
1-1: Ball
2-1: Ball
3-1: Base on Balls
Batting: LHB Fred Lynn 0-0: Called Strike
0-1: Ball
1-1: Grounds into double play, 6-4-3 (Groundball, 6D, EV 76.3 MPH)
Bottom of the 4th over - 0 runs, 0 hits, 0 errors, 0 left on base; New York 1 - Baltimore 1
TOP OF THE 5TH
New York Yankees batting - Pitching for Baltimore Orioles : RHP Andrew Castillo
Batting: LHB Tim Norrid 0-0: Called Strike
0-1: Called Strike
0-2: Foul Ball, location: 2F
0-2: Ball
1-2: Foul Ball, location: 2F
1-2: Strikes out swinging
Batting: SHB Jerry Manuel 0-0: Ball
1-0: Ball
2-0: Ground out 4-3 (Groundball, 4, EV 80.6 MPH)
Batting: LHB Wade Boggs 0-0: Ball
1-0: Fly out, F7 (Line Drive, 7D, EV 91.9 MPH)
Top of the 5th over - 0 runs, 0 hits, 0 errors, 0 left on base; New York 1 - Baltimore 1
BOTTOM OF THE 5TH
Baltimore Orioles batting - Pitching for New York Yankees : RHP Blake Green
Batting: SHB Steve R Ontiveros 0-0: SINGLE (Line Drive, 8LS, EV 93.1 MPH)
Batting: RHB Matt Rice 0-0: Ground out 5-3 (Groundball, 56, EV 96.9 MPH)
Steve R Ontiveros to second
Batting: RHB Dennis Werth 0-0: Ball
1-0: Fly out, F9 (Line Drive, 9, EV 99.4 MPH)
Batting: RHB Garth Iorg 0-0: Foul Ball, location: 2F
0-1: SINGLE (Groundball, 4MD, EV 98.1 MPH)
Steve R Ontiveros to third
Runner from 3rd tries for Home, SAFE, throw by CF to home
Garth Iorg to second
Batting: SHB Willie McGee 0-0: Ball
1-0: Ball
2-0: Fly out, F8 (Flyball, 8RS, EV 88.8 MPH)
Bottom of the 5th over - 1 run, 2 hits, 0 errors, 1 left on base; New York 1 - Baltimore 2
TOP OF THE 6TH
New York Yankees batting - Pitching for Baltimore Orioles : RHP Andrew Castillo
Batting: LHB Kent Hrbek 0-0: Called Strike
0-1: Swinging Strike
0-2: Ground out 2-3 (Groundball, 13S, EV 66.9 MPH)
Batting: RHB Pedro Guerrero 0-0: SINGLE (Line Drive, 78M, EV 88.1 MPH)
Batting: LHB George Kaage 0-0: Called Strike
0-1: Ball
1-1: Called Strike
1-2: Ball
2-2: Ball
3-2: Base on Balls
Pedro Guerrero to second
Batting: RHB David Hall 0-0: Foul Ball, location: 2F
0-1: Foul Ball, location: 2F
0-2: Strikes out swinging
Batting: RHB Emanuel Cortez 0-0: Ball
1-0: Called Strike
1-1: Ball
2-1: Foul Ball, location: 2F
2-2: Ball
3-2: Fly out, F8 (Flyball, 89XD, EV 95.6 MPH)
Top of the 6th over - 0 runs, 1 hit, 0 errors, 2 left on base; New York 1 - Baltimore 2
BOTTOM OF THE 6TH
Baltimore Orioles batting - Pitching for New York Yankees : RHP Blake Green
Batting: SHB Johnny Ray 0-0: Fly out, F7 (Line Drive, 7, EV 96.9 MPH)
Batting: LHB Dave Parker 0-0: Ground out 4-3 (Groundball, 4, EV 85.0 MPH)
Batting: RHB Dwight Evans 0-0: Ball
1-0: Called Strike
1-1: Called Strike
1-2: Foul Ball, location: 2F
1-2: Ball
2-2: Ball
3-2: Base on Balls
Batting: LHB Fred Lynn 0-0: Called Strike
0-1: Swinging Strike
0-2: Ball
1-2: SINGLE (Popup, 6D, EV 70.0 MPH)
Dwight Evans to second
Runner from 2nd tries for 3rd, SAFE, throw by SS made to third
Batting: SHB Steve R Ontiveros 0-0: Ball
1-0: Ball
2-0: Called Strike
2-1: Foul Ball, location: 2F
2-2: Ball
3-2: Strikes out looking
Bottom of the 6th over - 0 runs, 1 hit, 0 errors, 2 left on base; New York 1 - Baltimore 2
TOP OF THE 7TH
New York Yankees batting - Pitching for Baltimore Orioles : RHP Andrew Castillo
Now in CF: Mark Brouhard
Batting: SHB Tim Raines 0-0: Ball
1-0: Called Strike
1-1: Ground out 4-3 (Groundball, 4, EV 95.6 MPH)
Batting: LHB Tim Norrid 0-0: Ball
1-0: Ball
2-0: Called Strike
2-1: Swinging Strike
2-2: Ball
3-2: Foul Ball, location: 2F
3-2: Base on Balls
Batting: SHB Jerry Manuel 0-0: Fielders Choice at 2nd, 4-6 (Groundball, 4, EV 90.6 MPH)
Batting: LHB Wade Boggs 0-0: Called Strike
Jerry Manuel steals 2nd, throwing error, E2
Jerry Manuel to third
0-1: Swinging Strike
0-2: Fly out, F7 (Flyball, 7LM, EV 95.0 MPH)
Top of the 7th over - 0 runs, 0 hits, 1 error, 1 left on base; New York 1 - Baltimore 2
BOTTOM OF THE 7TH
Baltimore Orioles batting - Pitching for New York Yankees : RHP Blake Green
Batting: RHB Matt Rice 0-0: Foul Ball, location: 2F
0-1: Swinging Strike
0-2: Strikes out swinging
Batting: RHB Dennis Werth 0-0: Ball
1-0: Ball
2-0: Foul Ball, location: 2F
2-1: Ball
3-1: Foul Ball, location: 2F
3-2: Foul Ball, location: 2F
3-2: Base on Balls
Batting: RHB Garth Iorg 0-0: Ball
1-0: Called Strike
1-1: Ball
2-1: Swinging Strike
2-2: Strikes out looking
Batting: SHB Willie McGee 0-0: Called Strike
0-1: Ball
1-1: Ball
2-1: Ball
3-1: Called Strike
3-2: Fly out, F5 (Popup, 5SF, EV 85.0 MPH)
Bottom of the 7th over - 0 runs, 0 hits, 0 errors, 1 left on base; New York 1 - Baltimore 2
TOP OF THE 8TH
New York Yankees batting - Pitching for Baltimore Orioles : RHP Andrew Castillo
Batting: LHB Kent Hrbek 0-0: Foul Ball, location: 2F
0-1: Ball
1-1: Foul Ball, location: 2F
1-2: Ground out 5-3 (Groundball, 5S, EV 82.5 MPH)
Pitching: LHP Dave LaRoche
Batting: RHB Pedro Guerrero 0-0: SINGLE (Line Drive, 4MD, EV 106.3 MPH)
Batting: LHB George Kaage 0-0: Called Strike
0-1: Ball
1-1: Foul Ball, location: 2F
1-2: Ball
2-2: Strikes out looking
Batting: RHB David Hall 0-0: Ball
1-0: Fly out, F9 (Flyball, 9LS, EV 79.4 MPH)
Top of the 8th over - 0 runs, 1 hit, 0 errors, 1 left on base; New York 1 - Baltimore 2
BOTTOM OF THE 8TH
Baltimore Orioles batting - Pitching for New York Yankees : RHP Blake Green
Batting: SHB Johnny Ray 0-0: Foul Ball, location: 2F
0-1: Ball
1-1: Foul Ball, location: 2F
1-2: Ball
2-2: Ground out 4-3 (Groundball, 4, EV 76.9 MPH)
Batting: RHB Mark Brouhard 0-0: Called Strike
0-1: Ball
1-1: Called Strike
1-2: Ball
2-2: Strikes out swinging
Batting: RHB Dwight Evans 0-0: Ball
1-0: Fly out, F7 (Flyball, 78S, EV 88.8 MPH)
Bottom of the 8th over - 0 runs, 0 hits, 0 errors, 0 left on base; New York 1 - Baltimore 2
TOP OF THE 9TH
New York Yankees batting - Pitching for Baltimore Orioles : LHP Dave LaRoche
Batting: RHB Emanuel Cortez 0-0: Called Strike
0-1: Called Strike
0-2: Foul Ball, location: 2F
0-2: Ball
1-2: Ball
2-2: Foul Ball, location: 2F
2-2: Strikes out looking
Batting: SHB Tim Raines 0-0: Swinging Strike
0-1: Foul Ball, location: 2F
0-2: Fly out, F8 (Flyball, 78S, EV 95.0 MPH)
Pitching: RHP Dave Patterson
Batting: LHB Tim Norrid 0-0: Foul Ball, location: 2F
0-1: Ball
1-1: Called Strike
1-2: Ball
2-2: Strikes out swinging, 2-3 out at first.
Top of the 9th over - 0 runs, 0 hits, 0 errors, 0 left on base; New York 1 - Baltimore 2
Thursday, August 6th, 2020 - OOTP Baseball 21.5 Build 76